 Dungeon Crawl Stone Soup version 0.29.1-15-g9cfb28693d (webtiles) character file.

Game seed: 10486840357061679107

43 KittyFluff the Trooper (level 3, -3/36 HPs)
             Began as a Gargoyle Berserker on Apr 9, 2023.
             Was a Believer of Trog.
             Slain by Grinder (6 damage)
             ... on level 2 of the Dungeon on Apr 10, 2023.
             The game lasted 00:07:34 (1461 turns).

KittyFluff the Trooper (Gargoyle Berserker)         Turns: 1461, Time: 00:07:35

Health: -3/36      AC:  0    Str: 20    XL:     3   Next: 58%
Magic:  3/3        EV: 19    Int:  7    God:    Trog [**....]
Gold:   148        SH:  0    Dex: 16    Spells: 2/2 levels left

rFire   . . .      SeeInvis .   (weapon currently unavailable)
rCold   . . .      Faith    .   (shield currently unavailable)
rNeg    + . .      Spirit   .   (body armour currently unavailable)
rPois   ∞          Reflect  .   (helmet currently unavailable)
rElec   .          Harm     .   (cloak currently unavailable)
rCorr   .          Rampage  .   (gloves currently unavailable)
Will    .....                   (boots currently unavailable)
Stlth   ..........              r - amulet of the acrobat
HPRegen 0.12/turn               (ring currently unavailable)
MPRegen 0.08/turn               (ring currently unavailable)

@: berserking, bat-form, flying, very quick
A: fast, flying, no casting, sickness immunity, AC +3, tiny, negative energy
resistance 1, (electricity resistance), torment resistance 1, petrification
resistance
a: Renounce Religion, Berserk, Trog's Hand


You were on level 2 of the Dungeon.
You worshipped Trog.
Trog was pleased with you.
You were a bat.
You visited 1 branch of the dungeon, and saw 3 of its levels.

You collected 148 gold pieces.

Inventory:

Hand Weapons
 a - a +0 mace (melded)
 b - a +0 sling
Missiles
 h - 13 stones (quivered)
 s - 5 poisoned darts
Armour
 g - a +0 leather armour (melded)
Jewellery
 r - an amulet of the acrobat (around neck)
Scrolls
 j - a scroll of enchant armour {unknown}
 k - a scroll of summoning {unknown}
 l - a scroll of silence {unknown}
 n - a scroll of amnesia {unknown}
 o - 2 scrolls of identify {unknown}
 p - 2 scrolls of teleportation {unknown}
 q - a scroll of brand weapon {unknown}
Potions
 c - 2 potions of degeneration {unknown}
 d - 2 potions of might
 e - 2 potions of lignification {unknown}
 f - a potion of mutation {unknown}
 i - 2 potions of curing {unknown}
 m - 3 potions of flight {unknown}


   Skills:
 + Level 4.0 Fighting
 + Level 3.5 Maces & Flails
 * Level 2.5 Armour
 + Level 1.7 Dodging


You had 2 spell levels left.
You didn't know any spells.
Your spell library was empty.

Dungeon Overview and Level Annotations

Branches:
Dungeon (3/15)

Altars:
Nemelex Xobeh

Annotations:
D:2 Grinder


Innate Abilities, Weirdness & Mutations

You are a bat.
You are tiny and dextrous.
You move quickly.
You are flying.
Your equipment is almost entirely melded.
You are incapable of wielding weapons or throwing items.
You cannot cast spells.
You are immune to sickness and miasma.
((Your stone body is resilient. (AC +3)))
You are immune to poison.
You resist negative energy. (rN+)
((You are resistant to electric shocks. (rElec)))
You are resistant to unholy torment.
You are immune to petrification.


Message History

You hit Grinder but do no damage. Grinder closely misses you.
You hit Grinder but do no damage.
Grinder says, "FISH!"
Grinder misses you.
You hit Grinder but do no damage.
Grinder blinks!
You hit Grinder but do no damage. Grinder closely misses you.
You hit Grinder but do no damage. Grinder closely misses you.
You hit Grinder.
Grinder is lightly wounded.
Grinder barely misses you.
You hit Grinder but do no damage.
Grinder is lightly wounded.
Grinder closely misses you.
You barely miss Grinder.
Grinder is lightly wounded.
Grinder gestures at you. Pain shoots through your body!
You closely miss Grinder.
Grinder is lightly wounded.
Grinder says, "Tell me all your secrets, or I'll kill you."
Grinder closely misses you.
You hit Grinder but do no damage.
Grinder is lightly wounded.
Grinder misses you.
You hit Grinder but do no damage.
Grinder is lightly wounded.
Grinder blinks!
Grinder completely misses you.
You hit Grinder but do no damage. Grinder barely misses you.
You barely miss Grinder.
Grinder says, "Mostly I couldn't keep them alive."
Grinder hits you!
You writhe in agony.
* * * LOW HITPOINT WARNING * * *
You hit Grinder but do no damage. Grinder gestures at you.
Pain shoots through your body!
* * * LOW HITPOINT WARNING * * *
A red film seems to cover your vision as you go berserk!
You feel yourself moving faster!
You feel mighty! Grinder hits you.
You die...

#..........# # #.########.# #
#.# #.# #
##########.########.## #
#........#.......#...####
#.######.#..####......... #.#
#>#..#####....#### #.#
#.#..........## ##.##
#b##.##.....##
####...#####5#...#.##..######
#............................
#.##...#####.#...#.##.####.##
#.###.## #.##.##.##.# #. #
#.# #..# #..........# #. #
#.# ##.# #....##.#######.##
####.# #.#
##.#####..>........ #....#
#.####...####).######...


You could see Grinder.

Vanquished Creatures
  9 ball pythons
  2 endoplasms
  A giant cockroach (D:1)
  4 goblins (D:1)
  6 hobgoblins
  2 kobolds
  2 quokkas
  7 bats
  2 frilled lizards (D:1)
  3 rats
38 creatures vanquished.

Notes
Turn   | Place    | Note
-------+----------+-------------------------------------------
     0 | D:1      | KittyFluff the Gargoyle Berserker began the quest for the
                  | Orb.
     0 | D:1      | Reached XP level 1. HP: 14/14 MP: 1/1
   235 | D:1      | Reached XP level 2. HP: 16/19 MP: 2/2
   524 | D:1      | Reached XP level 3. HP: 24/24 MP: 3/3
   547 | D:1      | Reached ** piety under Trog
   548 | D:1      | Reached skill level 4 in Fighting
  1362 | D:3      | Found a sparkling altar of Nemelex Xobeh.
  1434 | D:3      | Noticed Grinder
  1460 | D:2      | HP: 1/24 [Grinder/nerve-wracking pain (6)]
  1461 | D:2      | Slain by Grinder

Illustrated notes

Levels and vault maps discovered:
D:1:      lightli_arrival_farm, layout_rooms, hangedman_decor_slide_cut
D:2:      layout_loops_ring, nrook_uturn
D:3:      layout_basic, nemelex_xobeh_ov_fountains_minmay,
          mainiacjoe_overflow_surrounded_room,
          hellmonk_ecumenical_altar_blasted, uniq_grinder

Skill      XL: |  1  2  3 |
---------------+----------+-----
Fighting       | 4 |  4.0
Maces & Flails | |  3.5
Armour         | |  2.5
Dodging        | |  1.7

Action                   || total
-------------------------++-------
Melee: Mace              ||    98
       Unarmed           ||    14
       Punch             ||     1
Invok: Berserk           ||     1
Armor: Animal skin       ||    10
       Leather armour    ||    35
Dodge: Dodged            ||    77
